[Event "Grand Prix Romania 1st Stage 2024"]
[Site "Bucuresti"]
[Date "2024.03.23"]
[Round "2.19"]
[White "Moroni, Luca Jr"]
[Black "Veress, Armand"]
[Result "1-0"]
[ECO "D02"]
[WhiteElo "2580"]
[BlackElo "2098"]
[Annotator "TA"]
[PlyCount "59"]
[EventDate "2024.03.20"]
[EventType "swiss"]
[EventCountry "ROU"]
[SourceTitle "playchess.com"]
[Source "ChessBase"]
[SourceQuality "1"]
[TimeControl "900+5"]

1. d4 d5 2. Bf4 c5 3. e3 Nc6 4. Nf3 Nf6 5. Nbd2 cxd4 6. exd4 a6 7. c3 Bf5 8. Nh4 {[%emt 0:00:34] The position is equal.} Bg4 9. Qb3 Qd7 10. h3 Bh5 11. Bd3 e6 12. Ndf3 h6 (12... O-O-O $11) 13. g4 g5 {[%emt 0:00:14] [#]} 14. Ne5 $1 Nxe5 15. Bxe5 Be7 16. Nf3 {[%emt 0:01:28] White is much more active.} Bg6 17. Bxg6 fxg6 18. Bh2 $36 {[%emt 0:00:52][%mdl 2048] White is really pushing.} Bd6 19. Ne5 Bxe5 20. Bxe5 O-O 21. f3 {[%emt 0:00:15] Wards off Ne4} Qb5 (21... Qd8 $16) 22. Qc2 $18 Kh7 (22... Kf7 23. h4 Nd7 24. hxg5 Nxe5 25. dxe5 Ke7 26. gxh6 (26. Qxg6 Rxf3 27. O-O-O Raf8 $16) 26... Rxf3) 23. h4 gxh4 24. Rxh4 Ne4 (24... Nxg4 $142 25. Rxg4 Rf5) 25. Qh2 (25. fxe4 Qf1+ 26. Kd2 Rf2+ (26... Qxa1 $2 27. Rh2 $19) (26... Qg2+ 27. Kc1 Rf1+ 28. Qd1 Raf8 29. Bf6 R8xf6 30. Rh1 Rxd1+ 31. Kxd1 Rf2 32. Ke1 Rxb2 33. Rxh6+ Kxh6 34. g5+ Kg7 35. exd5 Qh1#) 27. Ke3 Raf8 (27... Rxc2 28. Rxf1 h5 29. Rf7+ Kh6 30. Bg7+ Kh7 31. Bf6+ Kg8 32. Rg7+ Kf8 33. gxh5) (27... Rf3+ 28. Kd2 Rf2+ 29. Ke3 Raf8 30. Bf6 R8xf6 31. Rxh6+ Kxh6 32. g5+ Kxg5 33. exd5 Qh3+ 34. Ke4 Qf3+ 35. Ke5 Qxd5#) (27... Rxc2 28. Rxf1) (27... Rf3+ 28. Kd2 Rf2+ 29. Ke3 Raf8 30. Bf6 R8xf6 31. Rxh6+ Kxh6 32. g5+ Kxg5 33. exd5 Qh3+ 34. Ke4 Qf3+ 35. Ke5 Qxd5#)) 25... h5 {[%emt 0:04:01] [#]} 26. Rxh5+ $1 {[%emt 0:00:04][%mdl 512] White mates.} Kg8 27. Rh8+ Kf7 28. Qh7+ Ke8 {[%emt 0:00:02] Black is weak on the dark squares} 29. Rxf8+ ({Worse is} 29. fxe4 Qf1+ 30. Kd2 Qf2+ 31. Kd1 Qf1+ 32. Kd2 (32. Kc2 Qe2+ 33. Kc1 Qe1+ 34. Kc2 Qe2+ 35. Kb3 Qb5+ 36. Ka3 Qa5+ 37. Kb3 Qb5+ 38. Kc2 Qe2+ $11) 32... Qg2+ 33. Kc1 Qf1+ 34. Kc2 Qe2+ 35. Kb3 Qb5+ 36. Ka3 (36. Kc2 Qe2+ 37. Kc1 Qe1+ 38. Kc2 Qe2+ $11) 36... Qa5+ 37. Kb3 Qb5+ 38. Kc2 (38. Ka3 Qa5+ 39. Kb3 Qb5+ $11) 38... Qe2+ 39. Kb3 Qb5+ $11) 29... Kxf8 30. fxe4 {[%emt 0:00:03] Weighted Error Value: White=0.02 (flawless) /Black=0.53.  Mistake:       	---       	Black=4      Inaccurate:     	---       	Black=1      OK:         	White=9     	Black=8      Best:        	White=2     	Black=1      Strong:       	White=1     	---} 1-0

[Event "Grand Prix Romania 1st Stage 2024"]
[Site "Bucuresti"]
[Date "2024.03.23"]
[Round "2.20"]
[White "Ghita, Vlad-Bogdan"]
[Black "Jianu, Vlad-Cristian"]
[Result "0-1"]
[ECO "B12"]
[WhiteElo "1906"]
[BlackElo "2491"]
[Annotator "TA"]
[PlyCount "78"]
[EventDate "2024.03.20"]
[EventType "swiss"]
[EventCountry "ROU"]
[SourceTitle "playchess.com"]
[Source "ChessBase"]
[SourceQuality "1"]
[TimeControl "900+5"]

1. e4 c6 2. d4 d5 3. e5 c5 4. dxc5 e6 5. a3 Bxc5 6. b4 Be7 7. Qg4 g6 8. Nf3 {[%emt 0:00:29] The position is equal.} a5 9. b5 h5 10. Qf4 Nh6 11. Bd3 Nd7 12. O-O Nc5 13. Nd4 Bd7 14. a4 Qc7 15. Re1 g5 16. Qg3 Rg8 (16... h4 $142 17. Qe3 f5) 17. Nd2 $11 h4 18. Qe3 (18. Qf3 $14) 18... Rc8 (18... Ng4 $17 19. Qe2 Qxe5 20. Qxe5 (20. Qxg4 $2 Qxe1+ 21. Bf1 e5 $19) 20... Nxe5) 19. N2b3 $14 b6 20. Qe2 Nf5 $2 (20... Nxd3 $14 21. cxd3 Bb4) 21. Qh5 $2 (21. Bxf5 $18 Nxb3 22. cxb3) 21... Nxd3 $11 22. cxd3 Nxd4 23. Nxd4 Qc3 24. Be3 Qxd3 25. Nf3 Bd8 26. Nxg5 (26. Bxg5 Qf5 27. Qxh4 Bxg5 $19) 26... Qf5 27. f4 d4 28. Bd2 (28. Bxd4 $16 {Be3 is the strong threat.} Rc2 29. Be3 (29. Qxh4 Bxg5 30. fxg5 Rxg2+ 31. Kxg2 Rxg5+ $17)) 28... Rc2 $14 29. Qd1 {[%emt 0:00:19][%mdl 8192] [#]} (29. Red1 $1 $11 {and White has nothing to worry.}) 29... Qd3 $2 (29... Rxg5 $1 $19 30. fxg5 Bxg5 31. Qxc2 Qxc2 32. Bxg5 h3 33. gxh3 Qf5) 30. Ne4 {[%emt 0:00:26][%cal Oa1a3] And now Ra3! would win.} h3 {[%emt 0:00:14] Black is more active.} (30... Be7 $1 $15 31. Qe2 Qxe2 32. Rxe2 d3) 31. g3 Be7 {[%emt 0:00:09] Prevents Ra3.} 32. Qe2 Qb3 33. Qf2 $2 {[%emt 0:00:57] [#]} (33. Rec1 $14 {keeps the upper hand.}) 33... Bc8 $1 $40 {[%emt 0:01:00][%mdl 128] White must now prevent ...Bb7. Black wants a kill.} 34. Qxd4 $2 (34. Rab1 Qd5 (34... Qxa4 35. f5 $17) 35. Rbc1 Rxc1 36. Rxc1 Qxe4 (36... Bb7 $2 37. Re1 $19) 37. Rxc8+ Kd7 (37... Bd8 38. Bc1 $15) 38. Rc4 (38. Rxg8 {is a self mate.} Bc5 39. Rh8 d3 40. Rxh3 Bxf2+ 41. Kxf2 Qe2+ 42. Kg1 Qd1+ 43. Kg2 Qxd2+ 44. Kg1 Qe3+ 45. Kg2 Qe2+ 46. Kg1 d2 47. Rh8 d1=Q#)) 34... Bb7 $2 ({Black should try} 34... Bc5 $19 35. Qxc5 bxc5) 35. Rab1 $2 {[%emt 0:01:00][%mdl 8192] White is weak on the light squares} (35. Re3 $15 Qd5 36. Qxd5 Bxd5 37. Rd1) 35... Qf3 36. Qf2 Bxe4 (36... Bc5 $142 37. Re3 Bxe3 (37... Bxe4 $2 38. Rxf3 Rxd2 39. Qxc5 $19) 38. Bxe3 Rxf2 (38... Qxe4 {gets mated.} 39. Qxc2 Qxc2 40. Kf1) 39. Nf6+ Kf8 40. Bc5+ bxc5 41. Nd7+ Ke7 42. Nxc5 Qg2#) 37. Qxf3 {[%emt 0:00:04] Black is clearly winning.} Bxf3 {[%emt 0:00:02] A strong pair of Bishops.} 38. Kf2 Bg4 39. Ke3 Bc5+ {[%emt 0:00:02] Never resign too early!   Weighted Error Value: White=0.67/Black=0.59.  Loses game:     	White=3     	Black=1      Missed win:     	White=1     	Black=2      Mistake:       	White=3     	Black=4      Inaccurate:     	White=2     	Black=1      OK:         	White=12    	Black=11     Best:        	White=2     	---        Strong:       	---       	Black=1} 0-1

[Event "Grand Prix Romania 1st Stage 2024"]
[Site "Bucuresti"]
[Date "2024.03.23"]
[Round "2.21"]
[White "Parligras, Mircea-Emilian"]
[Black "Dorache, Florin"]
[Result "1-0"]
[ECO "D12"]
[WhiteElo "2543"]
[BlackElo "1948"]
[Annotator "TA"]
[PlyCount "101"]
[EventDate "2024.03.20"]
[EventType "swiss"]
[EventCountry "ROU"]
[SourceTitle "playchess.com"]
[Source "ChessBase"]
[SourceQuality "1"]
[TimeControl "900+5"]

1. d4 d5 2. c4 c6 3. Nf3 Nf6 4. e3 Bf5 5. Nc3 e6 6. Nh4 Bg6 7. Nxg6 hxg6 8. Bd2 Bd6 9. Qb3 Qc7 10. g3 {[%emt 0:00:13] White is slightly better.} dxc4 11. Qxc4 Nbd7 12. Bg2 O-O 13. O-O Rfe8 14. Rac1 Rac8 15. Rfd1 a6 16. Qe2 Qb6 17. Be1 e5 18. d5 cxd5 19. Nxd5 Nxd5 20. Bxd5 Rxc1 {[%emt 0:00:11] White leaves nothing to chance now.} (20... Nf6 $14 21. Bb3 Bb4) 21. Rxc1 $16 Nf6 22. Bb3 Qd8 23. Rd1 {[%emt 0:00:54] aiming for Bb4.} Qe7 24. Qd3 {[%emt 0:00:19][%csl LRd6,LRg6] White is more active.} Bc7 (24... Bb4 $16) 25. Qxg6 $18 {[%emt 0:00:17][%cal Oe1b4] And now Bb4! would win.} Rd8 26. Rxd8+ Bxd8 27. Qf5 Qd6 28. Bc3 e4 29. Kg2 Qe7 30. Bd4 Nd7 31. h4 Nf8 32. Qg4 Ne6 33. Bxe6 ({Less strong is} 33. Qxe4 Nxd4 34. Qxd4 g6 $18) 33... fxe6 34. Qxe4 {[%emt 0:00:03][%mdl 4096] Endgame. KQB-KQB} Qf7 {[%emt 0:00:08] [#]} 35. h5 $1 Qe7 {[%emt 0:00:03] [#]} (35... Bf6 36. Bxf6) 36. h6 $1 gxh6 37. Qg6+ Kf8 38. Qxh6+ Ke8 39. Qg6+ Kd7 40. Qg7 Qxg7 41. Bxg7 {[%emt 0:00:02] KB-KB} Kd6 42. f4 b5 43. Kf3 Ke7 44. b3 Kf7 45. Bd4 Kg6 46. g4 Bc7 47. e4 {[%emt 0:00:02][%cal Be3e4,Be4f5][%mdl 32] Threatens to win with f5+.} Kf7 48. f5 {[%emt 0:00:02] Strongly threatening g5.} exf5 49. exf5 Bd8 50. Ke4 {[%emt 0:00:05] Hoping for Be3.} Bg5 51. Kd5 {[%emt 0:00:03] Weighted Error Value: White=0.09 (flawless) /Black=0.27 (precise) .  Mistake:       	---       	Black=2      Inaccurate:     	White=3     	Black=4      OK:         	White=18    	Black=11     Best:        	---       	Black=2} 1-0

[Event "Grand Prix Romania 1st Stage 2024"]
[Site "Bucuresti"]
[Date "2024.03.23"]
[Round "2.22"]
[White "Nagy, Janos-Nandor"]
[Black "Zajic, Milan"]
[Result "0-1"]
[ECO "D00"]
[WhiteElo "1942"]
[BlackElo "2436"]
[Annotator "TA"]
[PlyCount "95"]
[EventDate "2024.03.20"]
[EventType "swiss"]
[EventCountry "ROU"]
[SourceTitle "playchess.com"]
[Source "ChessBase"]
[SourceQuality "1"]
[TimeControl "900+5"]

1. d4 Nf6 2. Nc3 d5 3. Bf4 e6 4. Nb5 Na6 5. e3 Be7 6. Nf3 O-O 7. h4 c5 8. c3 {[%emt 0:00:12] The position is equal.} Bd7 9. a4 c4 10. b3 cxb3 11. Qxb3 (11. Bd3 {is more complex.} Qa5 12. O-O b2 13. Rb1) 11... Rc8 (11... Qa5 $1 $11) 12. Rc1 (12. Nxa7 $2 {loses.} Rxc3 13. Qxc3 Bb4 $19) ({Better is} 12. Bd3 $16) 12... Qa5 $11 13. Bd3 Nb8 (13... Nb4 $15 14. cxb4 Rxc1+ 15. Ke2 Bxb5 16. bxa5 (16. Bxb5 Qxb5+ 17. axb5 Rxh1 $15) 16... Bxd3+ 17. Kxd3 Rxh1) 14. O-O $14 Qb6 {[%emt 0:00:45] Prevents Nd6.} ({Black should try} 14... Rfd8 $14) 15. Qa2 Nc6 {[%emt 0:00:25] [#]} (15... Qa5 $142) 16. Nd6 ({White must play} 16. Rb1 $1 $16) 16... Bxd6 $1 $11 17. Bxd6 {[%emt 0:00:02][%cal Oc1b1] Black must now prevent Rb1!} Nxd4 $1 18. Bxf8 {[%emt 0:00:20] A strong pair of Bishops.} Nxf3+ 19. gxf3 Rxf8 20. a5 Qc7 21. c4 {[%emt 0:00:14] [#] And now cxd5 would win.} d4 22. Qe2 dxe3 23. Qxe3 Qxa5 24. Ra1 Qh5 25. Rxa7 Qxh4 26. Ra5 (26. Rfa1 $11 {keeps the balance.}) 26... h6 (26... Nh5 $17 {Strongly threatening ...Nf4.} 27. Rg5 f5) 27. Kg2 (27. Rfa1 $1 $11) 27... Bc6 $17 28. Rh1 Qg4+ 29. Kf1 Qxf3 30. Qxf3 Bxf3 31. Rg1 (31. Rh3 $142 Bc6 32. Ke2) 31... Rd8 32. Be2 Bc6 33. Rg3 Kf8 34. Bf3 Ne4 35. Bxe4 Bxe4 $19 {[%emt 0:00:01][%mdl 4096] Endgame. KRR-KRB} 36. Re3 Rd4 37. Rc5 Bc6 38. f3 (38. Rh3 $142) 38... Ke7 39. Rc3 Kf6 40. Ra5 (40. Rh5 $142) 40... g5 41. Kf2 h5 42. Kg3 (42. Ra8 $142) 42... h4+ {[%emt 0:00:02] Black is clearly winning.} 43. Kf2 Rf4 44. Ke2 h3 45. Ra1 Kg6 46. Rh1 Rh4 {[%emt 0:00:01] ...g4 is the strong threat.} 47. Rh2 f5 48. Kf2 {[%emt 0:00:23] Weighted Error Value: White=0.45/Black=0.29 (precise) .  Mistake:       	White=8     	Black=5      Inaccurate:     	White=3     	Black=1      OK:         	White=9     	Black=14     Best:        	White=4     	Black=3      Strong:       	---       	Black=2      Brilliant:      	---       	Black=1} 0-1

[Event "Grand Prix Romania 1st Stage 2024"]
[Site "Bucuresti"]
[Date "2024.03.23"]
[Round "2.23"]
[White "Grigore, George-Gabriel"]
[Black "Maria, Lia-Alexandra"]
[Result "1-0"]
[ECO "E39"]
[WhiteElo "2423"]
[BlackElo "1996"]
[Annotator "TA"]
[PlyCount "63"]
[EventDate "2024.03.20"]
[EventType "swiss"]
[EventCountry "ROU"]
[SourceTitle "playchess.com"]
[Source "ChessBase"]
[SourceQuality "1"]
[TimeControl "900+5"]

1. d4 Nf6 2. c4 e6 3. Nc3 Bb4 4. Qc2 c5 5. dxc5 O-O 6. a3 Bxc5 7. Nf3 b6 8. Bg5 Bb7 9. e3 Be7 10. Be2 d6 11. O-O Nbd7 12. Rfd1 {[%emt 0:00:27] The position is equal.} a6 13. Rac1 Qc7 14. Qb1 Rac8 15. b4 Rfd8 16. Nd2 Qb8 17. Bf1 h6 18. Bh4 Ne5 19. Nce4 Nxe4 (19... d5 {looks sharper.} 20. Nxf6+ Bxf6 21. Bxf6 Ng4) 20. Bxe7 Nxd2 21. Rxd2 Rd7 22. Bh4 Qc7 (22... Rdc7 $11) 23. Bg3 $16 Qc6 24. Bxe5 dxe5 25. Rxd7 Qxd7 26. Rd1 Qc6 27. Qd3 b5 {[%emt 0:00:18] Black cannot hold the game after this.} 28. cxb5 $18 axb5 29. Qxb5 Qe4 (29... Qxb5 {was worth a try.} 30. Bxb5 g5) 30. Qd3 (30. a4 $142) 30... Qg4 $2 {[%emt 0:00:04] [#]} (30... Qxd3 31. Bxd3 Rc3) 31. h3 Qg5 32. Qd7 {[%emt 0:00:05] Weighted Error Value: White=0.14 (very precise) /Black=0.28 (precise) .  Mistake:       	White=1     	Black=4      Inaccurate:     	White=2     	Black=2      OK:         	White=9     	Black=5      Best:        	White=3     	---} 1-0

[Event "Grand Prix Romania 1st Stage 2024"]
[Site "Bucuresti"]
[Date "2024.03.23"]
[Round "2.24"]
[White "Mikhalevski, Victor"]
[Black "Popescu, Stefan-Claudiu"]
[Result "1-0"]
[ECO "D79"]
[WhiteElo "2514"]
[BlackElo "1980"]
[Annotator "TA"]
[PlyCount "75"]
[EventDate "2024.03.20"]
[EventType "swiss"]
[EventCountry "ROU"]
[SourceTitle "playchess.com"]
[Source "ChessBase"]
[SourceQuality "1"]
[TimeControl "900+5"]

1. Nf3 c5 2. g3 Nc6 3. Bg2 g6 4. c3 Bg7 5. d4 cxd4 6. cxd4 d5 7. Nc3 Nf6 8. Ne5 O-O 9. O-O Bf5 10. Bf4 Qb6 11. Na4 Qa5 12. Nxc6 bxc6 {[%emt 0:00:04] White is slightly better.} 13. Rc1 Ne4 (13... Rac8 $14 {is superior.}) 14. a3 (14. Rxc6 Bd7 15. Bxe4 Bxc6 $17) 14... Rfc8 {[%emt 0:01:12] [#]} 15. g4 $1 Bd7 (15... Bxg4 16. f3 $16) 16. h3 c5 (16... Nd6 $14) 17. Nxc5 $16 Nxc5 18. Rxc5 Rxc5 19. dxc5 Bxb2 $2 (19... Qxc5 $16 20. Be3 (20. Bxd5 Rd8 $16) (20. Qxd5 Qxd5 21. Bxd5 Rd8 $16) 20... Qd6) 20. Bxd5 (20. Qxd5 $142 Rd8 21. Rd1) 20... Rd8 {[%emt 0:00:01][%cal Od7a4] [#]} 21. Bxf7+ Kxf7 22. Qb3+ Be6 23. Qxb2 {[%emt 0:00:01] Bh6 is the strong threat.} Qxc5 24. Be3 Qc4 25. f3 ({But not} 25. Bxa7 Bxg4 26. hxg4 Qxg4+ 27. Kh2 Qh5+ 28. Kg3 Qg5+ 29. Kh2 Qh5+ 30. Kg3 Qg5+ 31. Kf3 Qh5+ 32. Kg3 $11) 25... a6 26. Rc1 Qb5 27. Qxb5 axb5 {[%emt 0:00:02][%mdl 4096] Endgame. KRB-KRB} 28. Kf2 Rd7 29. Bh6 {[%emt 0:00:36] White is better.} Ra7 30. Rc3 Bc4 31. Re3 e6 32. Bf4 Rd7 33. Re4 Ra7 34. Bd6 Rd7 35. Rf4+ Kg7 36. Bf8+ Kg8 37. Bh6 Rf7 38. Rd4 {[%emt 0:00:01] Weighted Error Value: White=0.20 (precise) /Black=0.25 (precise) .  Loses game:     	---       	Black=1      Mistake:       	White=2     	Black=2      Inaccurate:     	White=1     	Black=3      OK:         	White=13    	Black=8      Best:        	White=1     	Black=2} 1-0

[Event "Grand Prix Romania 1st Stage 2024"]
[Site "Bucuresti"]
[Date "2024.03.23"]
[Round "2.25"]
[White "Tamas, Christian-Arrydan"]
[Black "Castellanos Rodriguez, Renier"]
[Result "0-1"]
[ECO "E62"]
[WhiteElo "2054"]
[BlackElo "2469"]
[Annotator "TA"]
[PlyCount "94"]
[EventDate "2024.03.20"]
[EventType "swiss"]
[EventCountry "ROU"]
[SourceTitle "playchess.com"]
[Source "ChessBase"]
[SourceQuality "1"]
[TimeControl "900+5"]

1. d4 Nf6 2. c4 d6 3. Nf3 g6 4. Nc3 Bf5 5. g3 c6 6. Bg2 Bg7 7. O-O O-O 8. Re1 Ne4 9. Nxe4 Bxe4 10. Bf4 Qb6 11. Qd2 Nd7 12. Rad1 {[%emt 0:00:06] The position is equal.} Qa6 13. b3 b5 14. cxb5 Qxb5 15. Bh6 a5 16. Bxg7 Kxg7 17. Rc1 a4 18. Qc3 (18. b4 $11) 18... Nf6 19. Nd2 Bxg2 20. Kxg2 axb3 21. axb3 Ra2 {[%emt 0:00:10] Black is more active.} 22. e4 {[%emt 0:01:05] Wards off Nd5} Rfa8 23. Rc2 Rxc2 24. Qxc2 d5 25. e5 Ne8 26. Rc1 Ra6 27. Qc5 (27. Nf3 $11 {remains equal.}) 27... Qxc5 $17 28. Rxc5 {[%emt 0:00:02][%mdl 4096] Endgame. KRN-KRN} Nc7 29. Rc3 Nb5 30. Rd3 Ra1 31. Kf3 Rc1 32. Ke3 Kf8 33. f4 Ke8 34. Nf3 f6 35. exf6 exf6 36. Ke2 Kd7 37. Rd1 $2 {[%emt 0:00:02][%mdl 8192] [#] Now White is beyond hope.} (37. g4 $17) 37... Nc3+ $19 38. Kd2 Rxd1+ 39. Kxc3 {[%emt 0:00:01] KR-KN} Rf1 40. Nd2 Rf2 41. h3 Rg2 42. g4 Rg3+ 43. Kb4 Rd3 44. Nb1 Kd6 45. f5 g5 46. Nc3 Rxd4+ 47. Ka5 Rd3 {[%emt 0:00:02][%csl LRc3,LRh3] Weighted Error Value: White=0.81/Black=0.12 (very precise) .  Loses game:     	White=1     	---        Mistake:       	White=2     	---        Inaccurate:     	White=3     	Black=6      OK:         	White=7     	Black=6      Best:        	White=1     	Black=3} 0-1

[Event "Grand Prix Romania 1st Stage 2024"]
[Site "Bucuresti"]
[Date "2024.03.23"]
[Round "2.26"]
[White "Rozen, Eytan"]
[Black "Busuioc, Stelian-Marian"]
[Result "1-0"]
[ECO "E90"]
[WhiteElo "2487"]
[BlackElo "1843"]
[Annotator "TA"]
[PlyCount "95"]
[EventDate "2024.03.20"]
[EventType "swiss"]
[EventCountry "ROU"]
[SourceTitle "playchess.com"]
[Source "ChessBase"]
[SourceQuality "1"]
[TimeControl "900+5"]

1. d4 d6 2. e4 g6 3. c4 Bg7 4. Nc3 Nf6 5. Nf3 O-O 6. Bd3 Nbd7 7. Be3 e5 8. d5 a5 9. Bc2 b6 {[%emt 0:00:03] White has an edge.} 10. Qe2 Nc5 11. h3 Nh5 12. g3 {[%emt 0:00:02] Prevents Nf4} f5 13. exf5 gxf5 (13... Bxf5 $14 14. Bxf5 Rxf5) 14. Nh4 Nf4 15. gxf4 (15. Qd2 $14) 15... Qxh4 (15... exf4 $11 {remains equal.} 16. Qh5 (16. Bxc5 Re8 $17) 16... fxe3 17. fxe3 Qe8 18. Qxe8 Rxe8) 16. Rg1 (16. fxe5 $16 {aiming for e6.} Bxe5 17. Rg1+ Kh8 18. O-O-O) 16... Kh8 {[%emt 0:01:37] [#]} (16... exf4 $2 17. Bd4 $18) (16... e4 $1 $14) 17. Rxg7 $1 $18 Kxg7 {[%emt 0:00:10] [#]} 18. fxe5 dxe5 (18... Qxh3 $2 19. O-O-O Kf7 20. e6+ Nxe6 21. dxe6+ Bxe6 22. Qd2 $18) 19. Bxc5 (19. O-O-O $142 {Rg1+ would now be deadly.} Ne4 20. Nb5) 19... bxc5 $16 20. Qxe5+ Qf6 {[%emt 0:00:05] Black is on the road to losing.} (20... Kf7 $14 21. Qxc7+ (21. O-O-O Qe7 $16) 21... Qe7+ 22. Qxe7+ Kxe7) 21. Qxc7+ Rf7 22. Qg3+ (22. Qxc5 Re7+ 23. Kd1 Ba6 $14) 22... Kh8 (22... Qg6 $142) 23. O-O-O {[%emt 0:00:30] White is more active.} Bd7 24. d6 Rb8 (24... Rg7 $16 25. Qe3 Rc8) 25. Qe3 $18 Be6 (25... Rc8 $142 26. Rd5 h6) 26. Qxc5 Rfb7 27. Qd4 ({But not} 27. Qxa5 Bxc4 28. Qxf5 (28. Bxf5 Rxb2 29. f4 Rxa2 $11) 28... Qxf5 29. Bxf5 Kg7 $18) 27... Qxd4 28. Rxd4 Rxb2 (28... Kg7 $142 29. b3 (29. c5 Rc8 $18) 29... Kf6) 29. d7 Rxc2+ 30. Kxc2 {[%emt 0:00:01][%mdl 4096] Endgame. KRB-KRN} Rd8 31. c5 Rxd7 32. Rxd7 Bxd7 {[%emt 0:00:02] KB-KN} 33. Ne2 Kg7 34. Kc3 Kf6 35. Kd4 Bc6 36. h4 Bb7 37. Nf4 Bc6 38. a3 Bb7 39. Nd5+ Kg6 $2 (39... Ke6 40. Nf4+ Kf6) 40. Ne7+ Kh5 41. Nxf5 {[%emt 0:00:11] White threatens f4 and mate.} Kg4 42. Ke5 {[%emt 0:00:05] Intending f4 and mate.} h5 43. f4 {[%emt 0:00:29][%cal Bf2f4,Bf4f5,Bf5f6][%mdl 32] White mates.} Bc8 44. Ne7 Bd7 45. f5 Kxh4 46. f6 Be8 47. c6 Bxc6 48. Nxc6 {[%emt 0:00:02] Weighted Error Value: White=0.20 (precise) /Black=0.49.  Mistake:       	White=3     	Black=9      Inaccurate:     	White=3     	Black=2      OK:         	White=9     	Black=3      Best:        	White=3     	Black=3      Brilliant:      	White=1     	---} 1-0

[Event "Grand Prix Romania 1st Stage 2024"]
[Site "Bucuresti"]
[Date "2024.03.23"]
[Round "2.27"]
[White "Nedelcu, Ionut"]
[Black "Istratescu, Andrei"]
[Result "0-1"]
[ECO "A30"]
[WhiteElo "1932"]
[BlackElo "2374"]
[Annotator "RC"]
[PlyCount "92"]
[EventDate "2024.03.20"]
[EventType "swiss"]
[EventCountry "ROU"]
[SourceTitle "playchess.com"]
[Source "ChessBase"]
[SourceQuality "1"]
[TimeControl "900+5"]

1. d4 g6 2. Nf3 Bg7 3. g3 c5 4. Bg2 cxd4 5. Nxd4 Nc6 6. Nxc6 bxc6 7. c4 Qa5+ 8. Nd2 Rb8 9. Qc2 Nf6 10. O-O O-O 11. Nb3 Qa4 12. Nd4 Qxc2 13. Nxc2 c5 14. Rb1 d6 15. e4 Be6 16. Ne3 Ng4 17. Nxg4 Bxg4 18. Re1 Bd4 19. b3 e5 20. Be3 Rfe8 21. f3 Bd7 22. Kf2 a5 23. Bxd4 exd4 24. a3 Be6 25. Bf1 Rb6 26. Bd3 Reb8 27. Bc2 a4 28. Ke2 axb3 29. Bd3 Ra8 30. Rb2 Rxa3 31. Reb1 Rb4 32. Kd2 Bxc4 33. Bxc4 Rxc4 34. Rxb3 Rxb3 35. Rxb3 Rc3 36. Rb6 Rxf3 37. Rxd6 Rf2+ 38. Kd3 Rxh2 39. Kc4 Rg2 40. Kxc5 Rxg3 41. Rxd4 h5 42. e5 Ra3 43. Kd6 Ra6+ 44. Kd7 Re6 45. Re4 g5 46. Re1 Kg7 0-1

[Event "Grand Prix Romania 1st Stage 2024"]
[Site "Bucuresti"]
[Date "2024.03.23"]
[Round "2.28"]
[White "Tilicheev, Viacheslav"]
[Black "Contreras Gonzalez, Cristian David"]
[Result "1-0"]
[ECO "D15"]
[WhiteElo "2485"]
[BlackElo "1558"]
[Annotator "TA"]
[PlyCount "29"]
[EventDate "2024.03.20"]
[EventType "swiss"]
[EventCountry "ROU"]
[SourceTitle "playchess.com"]
[Source "ChessBase"]
[SourceQuality "1"]
[TimeControl "900+5"]

1. d4 d5 2. c4 c6 3. Nf3 Nf6 4. e3 a6 5. Nc3 Bf5 6. Qb3 b5 7. cxd5 cxd5 8. a4 bxa4 (8... b4 $1 $11 {bleibt in der Remisbreite.} 9. Qxb4 Nc6) 9. Qb7 $16 Nbd7 10. Nxd5 {[%emt 0:01:29] Weiß steht deutlich aktiver.} Qa5+ 11. Nc3 Rb8 {[%emt 0:01:52] Weiß steht deutlich besser.} 12. Qxa6 Qxa6 13. Bxa6 Bc2 14. Bb5 e6 15. Bxa4 {[%emt 0:00:51] Schwarz wurde aus der Eröffnung heraus überspielt.   Gewichteter Fehlerwert: Weiß=0.04 (makellos) /Schwarz=0.23 (präzise) .  Fehler:       	---       	Schwarz=1     Ungenau:       	Weiß=1     	Schwarz=1     OK:         	Weiß=6     	Schwarz=1     Bester:       	Weiß=1     	Schwarz=1} 1-0